 Dungeon Crawl Stone Soup version 0.31-a0-1165-g196b491b36 (webtiles) character file.

Game seed: 4183394318589036844

98 rj54x the Poker (level 4, -26/35 HPs)
             Began as a Merfolk Berserker on Dec 10, 2023.
             Was a Believer of Trog.
             Annihilated by an ogre
             ... wielding a +0 giant spiked club
              (43 damage)
             ... on level 3 of the Dungeon.
             The game lasted 00:08:13 (1804 turns).

rj54x the Poker (Merfolk Berserker)                 Turns: 1804, Time: 00:08:14

Health: -26/35     AC:  3    Str: 19    XL:     4   Next: 69%
Magic:  4/4        EV: 12    Int:  6    God:    Trog [**....]
Gold:   106        SH:  7    Dex: 13    Spells: 3/3 levels left

rFire   . . .        a - +1 spear
rCold   . . .        f - +3 buckler "Wofa" {Harm}
rNeg    . . .        b - +0 animal skin
rPois   .            (no helmet)
rElec   .            d - +0 cloak
rCorr   .            (no gloves)
SInv    .            (no boots)
Will    .....        (no amulet)
Stlth   +            (no ring)
HPRegen 0.25/turn    (no ring)
MPRegen 0.09/turn

%: harm (+30% outgoing, +20% incoming)
@: on berserk cooldown, slowed, very slow
A: (nimble swimmer 2), mertail
a: Renounce Religion, Berserk, Trog's Hand


You were on level 3 of the Dungeon.
You worshipped Trog.
Trog was pleased with you.
You visited 1 branch of the dungeon, and saw 3 of its levels.

You collected 106 gold pieces.

Inventory:

Hand Weapons
 a - a +1 spear (weapon)
Missiles
 h - 39 stones
Armour
 b - a +0 animal skin (worn)
 d - a +0 cloak (worn)
 f - the +3 buckler "Wofa" (worn) {Harm}
   (You found it on level 3 of the Dungeon)

   Harm:      It increases damage dealt and taken.
 g - a +0 robe
Scrolls
 e - 5 scrolls of identify
 k - a scroll of amnesia
 p - a scroll of teleportation
Potions
 c - 2 potions of curing {unknown}
 i - a potion of heal wounds {unknown}
 j - a potion of lignification {unknown}
 n - 2 potions of enlightenment
 r - a potion of magic {unknown}


   Skills:
 - Level 3.2 Fighting
 + Level 7.0 Polearms
 - Level 1.3 Armour
 - Level 2.6 Dodging


You had 3 spell levels left.
You didn't know any spells.
Your spell library contained the following spells:

 Spells                   Type           Power      Damage    Failure   Level
 Necrotise                Necr           0%         1d4       54%         1
 Cigotuvi's Dreadful Rot  Necr/Pois/Air  0%         N/A       67%         2
 Ignite Poison            Fire/Tmut/Pois 0%         N/A       88%         3
 Vampiric Draining        Necr           0%         2d6       88%         3
 Agony                    Necr           0%         N/A       100%        5
 Freezing Cloud           Conj/Ice/Air   0%         6-21      100%        5


Dungeon Overview and Level Annotations

Branches:
Dungeon (3/15)

Altars:


Innate Abilities, Weirdness & Mutations

((You are very nimble when in or above water. (Stealth+, EV+, Speed+++)))
Your lower body shifts to a powerful aquatic tail in water.


Message History

No target in view!
As you open the door, it creaks loudly!
An endoplasm comes into view.
The endoplasm quivers.
Found 2 stones.
There is an open door here.
Found 10 gold pieces.
You puncture the endoplasm!
You kill the endoplasm!
Trog accepts your kill.
No target in view!
h - 39 stones (gained 2)
You now have 106 gold pieces (gained 10).
You open the door.
There is an open door here.
An ogre comes into view. It is wielding a +0 giant spiked club.
A red film seems to cover your vision as you go berserk!
You feel yourself moving faster!
You feel mighty!
You feel a strong urge to attack something.
You feel your anger nearly subside.
You are no longer berserk.
You are exhausted.
You feel yourself slow down.
You hit the ogre.
The ogre is lightly wounded.
You block the ogre's attack.
You puncture the ogre!
The ogre is moderately wounded.
You hit the ogre.
The ogre is heavily wounded.
The ogre hits you with a +0 giant spiked club!
Ouch! That really hurt!
You are too injured to fight recklessly!
You are too injured to fight recklessly!
You are too injured to fight recklessly!
You are too injured to fight recklessly!
You hit the ogre.
The ogre is almost dead.
The ogre hits you with a +0 giant spiked club!!!
Ouch! That really hurt!
You die...

#.##########....
###........†......
#............#.##.
#.##########.#....
#.# ...........
#.# ######.###..
#.# #...<#.# ###
#.# #†####.#####
#@# #...........
#O# #######.####
#.# #.#... #.#
#######.###. #.#
#.......# #. #.#
#.####### #. #.#
#†# #. #.#
#.#########.
#...........


You could see an ogre.

Vanquished Creatures
  3 adders (D:2)
  2 dart slugs (D:1)
  9 ball pythons
  9 endoplasms
  A giant cockroach (D:1)
  4 goblins
  8 hobgoblins
  6 jackals
  4 kobolds
  2 quokkas
  5 bats
  2 frilled lizards
  4 rats
59 creatures vanquished.

Notes
Turn   | Place    | Note
-------+----------+-------------------------------------------
     0 | D:1      | rj54x the Merfolk Berserker began the quest for the Orb.
     0 | D:1      | Reached XP level 1. HP: 18/18 MP: 1/1
   138 | D:1      | Reached XP level 2. HP: 24/24 MP: 2/2
   217 | D:1      | Reached skill level 5 in Polearms
   468 | D:1      | Reached XP level 3. HP: 29/29 MP: 3/3
   540 | D:1      | Reached ** piety under Trog
   736 | D:2      | Reached skill level 6 in Polearms
   778 | D:2      | Reached XP level 4. HP: 35/35 MP: 4/4
  1690 | D:3      | Reached skill level 7 in Polearms
  1693 | D:3      | Identified the +3 buckler "Wofa" {Harm}
  1796 | D:3      | Noticed an ogre
  1804 | D:3      | Annihilated by an ogre

Illustrated notes

Levels and vault maps discovered:
D:1:      minmay_arrival_diagonal_passages, layout_rooms, minmay_pentomino_t2
D:2:      layout_loops_corners
D:3:      layout_basic, trog_book

Skill      XL: |  1  2  3  4 |
---------------+-------------+-----
Polearms       | 5 6 7 |  7.0
Fighting       | |  3.2
Armour         | |  1.3
Dodging        | |  2.6

Action                     |  1- 3 |  4- 6 || total
---------------------------+-------+-------++-------
  Melee: Spear             |   117 |    75 ||   192
         Punch             |     2 |       ||     2
 Invoke: Trog's Hand       |     1 |       ||     1
         Berserk           |       |     1 ||     1
    Use: Scroll            |       |     8 ||     8
   Stab: Sleeping          |     1 |     4 ||     5
 Armour: Animal skin       |    41 |    23 ||    64
  Dodge: Dodged            |    50 |    17 ||    67
  Block: Buckler           |       |     1 ||     1

Table legend: (Time is in decaauts)
 A = Elapsed time spent in this place.
 B = Non-inter-level travel time spent in this place.
 C = Inter-level travel time spent in this place.
 D = Time resting spent in this place.
 E = Time spent auto-exploring this place.
 F = Levels seen in this place.
 G = Mean time per level.
                   A        B        C        D        E       F      G
               +--------+--------+--------+--------+--------+-----+--------+
         Total |   1766 |   1722 |     44 |    174 |   1061 |   3 |  588.7 |
       Dungeon |   1766 |   1722 |     44 |    174 |   1061 |   3 |  588.7 |
               +--------+--------+--------+--------+--------+-----+--------+

Top non-repeatable levels by time:
     D:2: 909 daAuts
     D:1: 672 daAuts
     D:3: 185 daAuts
